[Event "Charlotte Open 2024"]
[Site "Charlotte"]
[Date "2024.01.13"]
[Round "1.1"]
[White "Brady, Tyson"]
[Black "Zhou, Jianchao"]
[Result "0-1"]
[ECO "B81"]
[WhiteElo "2063"]
[BlackElo "2562"]
[Annotator "ChessBase"]
[PlyCount "62"]
[EventDate "2024.01.05"]
[EventType "swiss"]
[EventCountry "USA"]
[SourceTitle "playchess.com"]
[Source "ChessBase"]
[SourceQuality "1"]
[TimeControl "6600+10"]

1. e4 c5 2. Nf3 d6 3. d4 cxd4 4. Nxd4 Nf6 5. Nc3 a6 6. h3 e6 7. g4 h6 8. Bg2 Be7 9. Be3 Nc6 10. Qe2 Nxd4 11. Bxd4 e5 12. Be3 b5 13. O-O-O b4 14. Nd5 Nxd5 15. exd5 O-O 16. Be4 Bg5 17. Kb1 a5 18. Rdg1 Bxe3 19. Qxe3 Qg5 20. Qb6 Ra6 21. Qc7 Qd8 22. Qc4 Ra7 23. h4 f5 24. gxf5 Bxf5 25. Rh2 Rc7 26. Qd3 Bxe4 27. Qxe4 Rf4 28. Qg6 Qf6 29. Qe8+ Kh7 30. Rhg2 Qf5 31. Qc6 Rxf2 0-1

[Event "Charlotte Open 2024"]
[Site "Charlotte"]
[Date "2024.01.13"]
[Round "1.2"]
[White "Sadorra, Julio Catalino"]
[Black "Yan, Benjamin"]
[Result "1/2-1/2"]
[ECO "D11"]
[WhiteElo "2554"]
[BlackElo "2025"]
[Annotator "ChessBase"]
[PlyCount "54"]
[EventDate "2024.01.05"]
[EventType "swiss"]
[EventCountry "USA"]
[SourceTitle "playchess.com"]
[Source "ChessBase"]
[SourceQuality "1"]
[TimeControl "6600+10"]

1. d4 d5 2. c4 c6 3. Nf3 Nf6 4. g3 Bf5 5. Nc3 e6 6. Nh4 Be4 7. f3 Bg6 8. Qb3 Qb6 9. Nxg6 hxg6 10. c5 Qxb3 11. axb3 Na6 12. Bf4 Nd7 13. e4 Nb4 14. Kd2 e5 15. Bxe5 Nxe5 16. dxe5 Bxc5 17. exd5 Nxd5 18. Nxd5 O-O-O 19. Bc4 cxd5 20. Bd3 Kb8 21. f4 g5 22. fxg5 Rde8 23. Raf1 Rxe5 24. h4 Bb4+ 25. Kc2 Re3 26. Bf5 Rxg3 27. Rd1 Rd8 1/2-1/2

[Event "Charlotte Open 2024"]
[Site "Charlotte"]
[Date "2024.01.13"]
[Round "1.3"]
[White "Karthik, Advaith"]
[Black "Cordova, Emilio"]
[Result "0-1"]
[ECO "A90"]
[WhiteElo "2124"]
[BlackElo "2563"]
[Annotator "ChessBase"]
[PlyCount "82"]
[EventDate "2024.01.05"]
[EventType "swiss"]
[EventCountry "USA"]
[SourceTitle "playchess.com"]
[Source "ChessBase"]
[SourceQuality "1"]
[TimeControl "6600+10"]

1. d4 e6 2. c4 Bb4+ 3. Bd2 Bxd2+ 4. Qxd2 f5 5. g3 Nf6 6. Nc3 O-O 7. Bg2 d6 8. Nf3 Qe7 9. O-O c6 10. Rfe1 e5 11. c5 e4 12. cxd6 Qxd6 13. Ne5 Be6 14. f4 c5 15. e3 Rd8 16. Red1 Nc6 17. Qe1 Qe7 18. Ne2 Nb4 19. Qc3 c4 20. Qd2 Rac8 21. Nc3 a6 22. Qe2 Nd3 23. g4 b5 24. a3 Nxe5 25. fxe5 Nxg4 26. d5 Bf7 27. e6 Bh5 28. Qe1 Qg5 29. Qg3 Qxe3+ 30. Qxe3 Nxe3 31. Rd2 Rd6 32. Re1 Nxg2 33. Kxg2 Bf3+ 34. Kg3 g5 35. Kf2 Kg7 36. Ke3 Re8 37. Rg1 h6 38. h4 Kg6 39. hxg5 hxg5 40. Ne2 Kf6 41. Kd4 Rxd5+ 0-1

[Event "Charlotte Open 2024"]
[Site "Charlotte"]
[Date "2024.01.13"]
[Round "1.4"]
[White "Kantor, Gergely"]
[Black "Ligotti, John J"]
[Result "1-0"]
[ECO "D38"]
[WhiteElo "2531"]
[BlackElo "1864"]
[Annotator "RC"]
[PlyCount "79"]
[EventDate "2024.01.05"]
[EventType "swiss"]
[EventCountry "USA"]
[SourceTitle "playchess.com"]
[Source "ChessBase"]
[SourceQuality "1"]
[TimeControl "6600+10"]

1. d4 Nf6 2. c4 e6 3. Nf3 d5 4. Nc3 Bb4 5. Bg5 h6 6. Bxf6 Qxf6 7. Qa4+ Nc6 8. e3 Bd7 9. Qc2 O-O 10. a3 Bxc3+ 11. Qxc3 Rfe8 12. Be2 dxc4 13. Qxc4 Rac8 14. Rd1 Re7 15. O-O e5 16. d5 Nd8 17. Nd2 Bf5 18. Bg4 Bxg4 19. Qxg4 Rb8 20. Ne4 Qg6 21. Qxg6 fxg6 22. d6 Rd7 23. dxc7 Rxc7 24. Rd6 g5 25. Rfd1 Nf7 26. R6d2 Rbc8 27. Nc3 Kf8 28. g4 a6 29. Kg2 Ke8 30. h3 Rd8 31. Rxd8+ Nxd8 32. Rd5 Nc6 33. Ne4 Ke7 34. Nc5 a5 35. Kf3 Kf6 36. Ke4 b6 37. Nd7+ Ke6 38. Nxb6 Rf7 39. Nc4 Rxf2 40. Rd6+ 1-0

[Event "Charlotte Open 2024"]
[Site "Charlotte"]
[Date "2024.01.13"]
[Round "1.5"]
[White "Myers, Dominique"]
[Black "Brodsky, David"]
[Result "0-1"]
[ECO "B92"]
[WhiteElo "2028"]
[BlackElo "2492"]
[Annotator "RC"]
[PlyCount "78"]
[EventDate "2024.01.05"]
[EventType "swiss"]
[EventCountry "USA"]
[SourceTitle "playchess.com"]
[Source "ChessBase"]
[SourceQuality "1"]
[TimeControl "6600+10"]

1. e4 c5 2. Nf3 d6 3. d4 cxd4 4. Nxd4 Nf6 5. Nc3 a6 6. Be2 e5 7. Nb3 Be7 8. O-O O-O 9. Qd3 Be6 10. Bd2 Nbd7 11. Nd5 Bxd5 12. exd5 Rc8 13. c4 b6 14. a4 a5 15. Rac1 Ne8 16. Qh3 Rc7 17. Bd3 g6 18. Bh6 Ng7 19. g4 Bg5 20. Rc3 Nc5 21. Nxc5 bxc5 22. Bc2 Rb7 23. b3 Qf6 24. Rf3 Qe7 25. Re1 Rfb8 26. Kg2 Ne8 27. Re2 Rd7 28. Rg3 Qf6 29. Rf3 Qd8 30. Rd3 Nc7 31. Rd1 Na6 32. Rde1 Rdb7 33. Re4 Nb4 34. Bb1 Nxd5 35. Bxg5 Qxg5 36. cxd5 Rxb3 37. f4 exf4 38. Re8+ Kg7 39. Rxb8 Qxd5+ 0-1

[Event "Charlotte Open 2024"]
[Site "Charlotte"]
[Date "2024.01.13"]
[Round "1.6"]
[White "Cruz, Cristhian"]
[Black "Gangavarapu, Sreekar"]
[Result "1-0"]
[ECO "A38"]
[WhiteElo "2498"]
[BlackElo "2125"]
[Annotator "RC"]
[PlyCount "59"]
[EventDate "2024.01.05"]
[EventType "swiss"]
[EventCountry "USA"]
[SourceTitle "playchess.com"]
[Source "ChessBase"]
[SourceQuality "1"]
[TimeControl "6600+10"]

1. Nf3 Nf6 2. c4 g6 3. g3 Bg7 4. Bg2 O-O 5. O-O d6 6. Nc3 c5 7. a3 Nc6 8. Rb1 e5 9. d3 h6 10. b4 cxb4 11. axb4 Be6 12. b5 Ne7 13. Bb2 Qd7 14. c5 dxc5 15. Nxe5 Qc7 16. Nc4 Nfd5 17. Qc1 Rad8 18. Nxd5 Bxd5 19. Bxg7 Kxg7 20. b6 axb6 21. Rxb6 Bxg2 22. Kxg2 Kh7 23. Qb2 Nf5 24. Rb1 Nd4 25. e3 Ne6 26. Qf6 Rb8 27. Ne5 Qd8 28. Qxd8 Rbxd8 29. Rxb7 Kg8 30. Nd7 1-0

[Event "Charlotte Open 2024"]
[Site "Charlotte"]
[Date "2024.01.13"]
[Round "1.7"]
[White "Peatman, Carter"]
[Black "Troff, Kayden"]
[Result "0-1"]
[ECO "B23"]
[WhiteElo "2022"]
[BlackElo "2484"]
[Annotator "RC"]
[PlyCount "70"]
[EventDate "2024.01.05"]
[EventType "swiss"]
[EventCountry "USA"]
[SourceTitle "playchess.com"]
[Source "ChessBase"]
[SourceQuality "1"]
[TimeControl "6600+10"]

1. e4 c5 2. Nc3 g6 3. d4 cxd4 4. Qd2 d3 5. Qxd3 Nf6 6. Qd4 Bg7 7. Be3 d6 8. f3 Be6 9. O-O-O Qb6 10. Nge2 Qa5 11. Kb1 Nbd7 12. Qd2 Bc4 13. Bh6 Bxh6 14. Qxh6 Rc8 15. Nd4 Bxf1 16. Rhxf1 Rxc3 17. bxc3 g5 18. h4 gxh4 19. Qxh4 Nb6 20. Qe1 Qa3 21. Ka1 Rg8 22. Rb1 Rxg2 23. Rb3 Qa5 24. Rg1 Qg5 25. Rxg2 Qxg2 26. Rxb6 axb6 27. e5 dxe5 28. Qxe5 Kd7 29. Nf5 Qg1+ 30. Kb2 Qc5 31. Qf4 Qxc3+ 32. Kb1 Nd5 33. Qe4 Qb4+ 34. Kc1 Qxe4 35. fxe4 Nc3 0-1

[Event "Charlotte Open 2024"]
[Site "Charlotte"]
[Date "2024.01.13"]
[Round "1.8"]
[White "Belenkaya, Dina"]
[Black "Ramesh, Rahul"]
[Result "1-0"]
[ECO "A07"]
[WhiteElo "2202"]
[BlackElo "1864"]
[Annotator "TA"]
[PlyCount "67"]
[EventDate "2024.01.05"]
[EventType "swiss"]
[EventCountry "USA"]
[SourceTitle "playchess.com"]
[Source "ChessBase"]
[SourceQuality "1"]
[TimeControl "6600+10"]

1. Nf3 d5 2. g3 Nf6 3. Bg2 Bf5 4. d3 h6 5. Nbd2 e6 6. O-O Be7 7. b3 O-O 8. Bb2 c5 9. c4 Nc6 10. cxd5 exd5 11. Rc1 d4 12. Ba3 Qa5 13. Nc4 {[%emt 0:10:55] Black is slightly better.} Qa6 14. Bb2 b5 (14... Qxa2 $2 15. Ra1 $18) (14... Rad8 $1 $15) 15. Nce5 $11 Nxe5 (15... Qxa2 $2 16. Nxc6 Bd6 17. Qd2 $18) 16. Nxe5 Rac8 17. a4 Qe6 18. Nf3 (18. e4 $1 $11) 18... bxa4 $15 19. bxa4 Bh3 20. Ba3 Bxg2 21. Kxg2 Qd5 (21... Nd5 $15 22. Qc2 h5) 22. Qc2 Nd7 23. Kg1 Rfe8 24. e4 Qh5 ({Better is} 24... dxe3 $15 25. fxe3 Qb7) 25. Kg2 $11 g5 (25... Qg4 {is interesting.} 26. Rb1 c4 27. h3 Qe6) 26. h3 Qg6 27. Rb1 Qa6 {Prevents Rb7} 28. Rb5 Nb6 29. Ne5 {[%emt 0:00:10][%cal Of2f4] Black should prevent f4!} (29. Bxc5 $2 {too greedy.} Nxa4 (29... Qxa4 $2 {is the wrong capture.} 30. Qxa4 Nxa4 31. Bxa7 $18) 30. Qc4 Rxc5 $19 (30... Bxc5 31. Ra1 $11)) 29... Qxa4 30. Qxa4 Nxa4 31. Ra5 Bd8 32. Rxa4 Rxe5 33. Rc1 Bb6 34. Rxd4 {[%emt 0:00:10] Weighted Error Value: White=0.15 (very precise) /Black=0.18 (very precise) .  Mistake:       	White=1     	Black=3      Inaccurate:     	White=5     	Black=3      OK:         	White=7     	Black=7      Best:        	White=1     	Black=1} 1-0

[Event "Charlotte Open 2024"]
[Site "Charlotte"]
[Date "2024.01.13"]
[Round "1.9"]
[White "Botez, Andrea"]
[Black "Karthigeyan, Kishan"]
[Result "1-0"]
[ECO "D00"]
[WhiteElo "1709"]
[BlackElo "1562"]
[Annotator "NA"]
[PlyCount "43"]
[EventDate "2024.01.05"]
[EventType "swiss"]
[EventCountry "USA"]
[SourceTitle "playchess.com"]
[Source "ChessBase"]
[SourceQuality "1"]
[TimeControl "6600+10"]

1. d4 d5 2. Nc3 Nf6 3. Bf4 a6 4. e3 e6 5. Bd3 c5 6. dxc5 Bxc5 7. Nf3 Nc6 8. O-O O-O 9. e4 dxe4 10. Nxe4 Nxe4 11. Bxe4 Qf6 12. Qc1 h6 13. c3 Re8 14. Re1 Bd7 15. Bg3 Qe7 16. Qc2 Rac8 17. Rad1 f6 18. Bh7+ Kh8 19. Nh4 Qd8 20. Rxd7 Qb6 21. Ng6+ Kxh7 22. Nf8+ 1-0

[Event "Charlotte Open 2024"]
[Site "Charlotte"]
[Date "2024.01.13"]
[Round "1.10"]
[White "Chasin, Nico"]
[Black "Fang, Thomas"]
[Result "1-0"]
[ECO "E04"]
[WhiteElo "2437"]
[BlackElo "1856"]
[Annotator "ChessBase"]
[PlyCount "62"]
[EventDate "2024.01.05"]
[EventType "swiss"]
[EventCountry "USA"]
[SourceTitle "playchess.com"]
[Source "ChessBase"]
[SourceQuality "1"]
[TimeControl "6600+10"]

1. d4 Nf6 2. c4 e6 3. Nf3 d5 4. g3 dxc4 5. Bg2 c5 6. O-O Nc6 7. Qa4 Bd7 8. Qxc4 b5 9. Qd3 c4 10. Qd1 Rc8 11. b3 Bd6 12. bxc4 bxc4 13. Ba3 Qe7 14. Bxd6 Qxd6 15. Nc3 O-O 16. e3 Qb4 17. Qc2 Qa5 18. a3 Rfd8 19. Rfb1 Be8 20. Nd2 Qc7 21. Nce4 Nxe4 22. Bxe4 f5 23. Bg2 Na5 24. Qc3 Ba4 25. Rb4 Bb3 26. Rb5 Nc6 27. Nxb3 cxb3 28. Qxb3 Qd6 29. Rxf5 Kh8 30. Rc5 Nxd4 31. exd4 Qxd4 1-0

[Event "Charlotte Open 2024"]
[Site "Charlotte"]
[Date "2024.01.13"]
[Round "1.11"]
[White "Wu, William"]
[Black "Ippolito, Dean"]
[Result "0-1"]
[ECO "C42"]
[WhiteElo "1965"]
[BlackElo "2379"]
[Annotator "ChessBase"]
[PlyCount "94"]
[EventDate "2024.01.05"]
[EventType "swiss"]
[EventCountry "USA"]
[SourceTitle "playchess.com"]
[Source "ChessBase"]
[SourceQuality "1"]
[TimeControl "6600+10"]

1. e4 e5 2. Nf3 Nf6 3. Nxe5 d6 4. Nf3 Nxe4 5. Qe2 Qe7 6. d3 Nf6 7. Nc3 c6 8. Bg5 Qxe2+ 9. Bxe2 Be7 10. O-O h6 11. Bd2 Na6 12. d4 Nc7 13. Bd3 Be6 14. a4 a5 15. Nh4 g6 16. f4 Nfd5 17. f5 Bxh4 18. fxe6 Nxe6 19. Nxd5 cxd5 20. Ra3 Bg5 21. Bxg5 hxg5 22. c3 Ke7 23. Rb3 Rab8 24. g3 b6 25. Be2 f5 26. Bf3 Nc7 27. Rc1 g4 28. Bg2 Rhc8 29. c4 dxc4 30. Re3+ Kd7 31. Rxc4 Ne6 32. Bd5 Ng5 33. b3 Rxc4 34. bxc4 Nf3+ 35. Bxf3 gxf3 36. Rxf3 Rc8 37. Rc3 d5 38. c5 bxc5 39. dxc5 Kc6 40. Kf2 d4 41. Rc1 Kd5 42. Kf3 Rxc5 43. Rd1 g5 44. h4 Rc3+ 45. Kf2 gxh4 46. gxh4 Rh3 47. Rb1 Rxh4 0-1

[Event "Charlotte Open 2024"]
[Site "Charlotte"]
[Date "2024.01.13"]
[Round "1.12"]
[White "Kraai, Jesse"]
[Black "Wofford, Matthew"]
[Result "1-0"]
[ECO "D02"]
[WhiteElo "2375"]
[BlackElo "1993"]
[Annotator "RC"]
[PlyCount "104"]
[EventDate "2024.01.05"]
[EventType "swiss"]
[EventCountry "USA"]
[SourceTitle "playchess.com"]
[Source "ChessBase"]
[SourceQuality "1"]
[TimeControl "6600+10"]

1. d4 Nf6 2. Nf3 e6 3. Bf4 d5 4. e3 Bd6 5. Bxd6 Qxd6 6. c4 O-O 7. Nc3 dxc4 8. Bxc4 c5 9. O-O Nc6 10. Rc1 Rd8 11. dxc5 Qxc5 12. Qe2 Bd7 13. Bb3 Qe7 14. e4 e5 15. Nd5 Qd6 16. h3 Na5 17. Rfd1 Nxb3 18. axb3 Rab8 19. Nxf6+ Qxf6 20. Rd5 Bc6 21. Rxe5 h6 22. Rf5 Qe6 23. Ne5 Re8 24. Qe3 Bxe4 25. Qxe4 g6 26. Rf3 Qxe5 27. Qxe5 Rxe5 28. Rc7 Rf8 29. Rxb7 Re1+ 30. Kh2 Rb1 31. Rxa7 Rxb2 32. Rb7 Kg7 33. g4 g5 34. h4 Kg6 35. h5+ Kg7 36. Kg2 Kg8 37. Rf5 Rb1 38. Kf3 Rb2 39. b4 Rb3+ 40. Ke4 Re8+ 41. Kd4 Rb2 42. Kc3 Ree2 43. Rbxf7 Rbc2+ 44. Kb3 Rb2+ 45. Ka4 Re8 46. R7f6 Ra8+ 47. Ra5 Rb8 48. b5 Ra2+ 49. Kb4 Rb2+ 50. Kc3 R2xb5 51. Rxb5 Rxb5 52. Rxh6 Kf7 1-0

[Event "Charlotte Open 2024"]
[Site "Charlotte"]
[Date "2024.01.13"]
[Round "1.13"]
[White "Decord, Aaron"]
[Black "Zapata, Alonso"]
[Result "0-1"]
[ECO "A63"]
[WhiteElo "2078"]
[BlackElo "2313"]
[Annotator "RC"]
[PlyCount "64"]
[EventDate "2024.01.05"]
[EventType "swiss"]
[EventCountry "USA"]
[SourceTitle "playchess.com"]
[Source "ChessBase"]
[SourceQuality "1"]
[TimeControl "6600+10"]

1. d4 Nf6 2. c4 c5 3. d5 d6 4. Nc3 g6 5. Nf3 Bg7 6. g3 O-O 7. Bg2 e6 8. O-O Re8 9. Re1 exd5 10. cxd5 a6 11. a4 Nbd7 12. e4 Ng4 13. Nd2 Nge5 14. Bf1 f5 15. exf5 gxf5 16. f4 Nf7 17. Nf3 Nf6 18. Bd3 Bd7 19. Rxe8+ Qxe8 20. Qc2 Qc8 21. Qe2 Qc7 22. Ng5 Nxg5 23. fxg5 Ng4 24. Bf4 Re8 25. Qc2 c4 26. Bxf5 Bxf5 27. Qxf5 Qb6+ 28. Kh1 Qxb2 29. Qxg4 Qxa1+ 30. Nd1 Re1+ 31. Kg2 Qxd1 32. Qc8+ Bf8 0-1

[Event "Charlotte Open 2024"]
[Site "Charlotte"]
[Date "2024.01.13"]
[Round "1.14"]
[White "Horobetz, Graham"]
[Black "Bynum, Jacorey"]
[Result "1-0"]
[ECO "B39"]
[WhiteElo "2249"]
[BlackElo "1664"]
[Annotator "RC"]
[PlyCount "214"]
[EventDate "2024.01.05"]
[EventType "swiss"]
[EventCountry "USA"]
[SourceTitle "playchess.com"]
[Source "ChessBase"]
[SourceQuality "1"]
[TimeControl "6600+10"]

1. e4 c5 2. Nf3 Nc6 3. d4 cxd4 4. Nxd4 g6 5. c4 Bg7 6. Be3 Nf6 7. Nc3 Ng4 8. Qxg4 Nxd4 9. Qd1 Nc6 10. Qd2 Qa5 11. Rc1 d6 12. Be2 Be6 13. O-O O-O 14. f4 Rac8 15. f5 gxf5 16. exf5 Bxf5 17. b4 Qe5 18. b5 Nd4 19. Bd3 e6 20. Rf4 Bxd3 21. Bxd4 Qxd4+ 22. Rxd4 Bxd4+ 23. Kh1 Rxc4 24. Qxd3 Rfc8 25. Rf1 Bxc3 26. Qxd6 Bg7 27. Qd2 R8c5 28. Qd8+ Bf8 29. Qf6 Rc7 30. h4 Rg4 31. Rf3 Rd7 32. Rc3 Rg6 33. Qf3 Kg7 34. a4 Rf6 35. Qg4+ Rg6 36. Qe2 Be7 37. Rc4 Rd5 38. Qe1 h5 39. Qc3+ Bf6 40. Qf3 Rf5 41. Qe2 Re5 42. Qd1 Rd5 43. Qe1 Re5 44. Qf1 Rf5 45. Qg1 b6 46. g4 hxg4 47. Rxg4 Rh5 48. Rxg6+ fxg6 49. Qd1 Rxh4+ 50. Kg2 Rd4 51. Qc2 Rd7 52. Qc6 Re7 53. Kf3 Kf7 54. Ke4 g5 55. Qc2 Rd7 56. Kf3 Kg7 57. Qc6 Re7 58. Qe4 e5 59. Kg4 Rd7 60. Kh5 Kf7 61. Qc4+ Kg7 62. Qc2 Kf7 63. Qc6 Re7 64. Qd5+ Kg7 65. Qe4 Kf7 66. Kg4 Kg7 67. Kf5 Rc7 68. Qh1 e4 69. Qxe4 Rc5+ 70. Kg4 Re5 71. Qb7+ Re7 72. Qc6 Kf7 73. Qc4+ Kg7 74. Kh5 Re8 75. Qc7+ Re7 76. Qc2 Kf7 77. Qc4+ Kg7 78. Qd5 Re5 79. Qd7+ Re7 80. Qf5 Kf7 81. Qh7+ Ke6 82. Qg8+ Kd6 83. Qf8 Ke6 84. Qc8+ Kf7 85. Kh6 Re6 86. Qc4 Be7+ 87. Kh5 Bf6 88. Kg4 Ke7 89. Qc7+ Ke8 90. Qxa7 Bd8 91. Qb7 Rf6 92. Kh5 Re6 93. Qd5 Re7 94. Kg6 Ra7 95. Qg8+ Kd7 96. Qf7+ Be7 97. Qd5+ Bd6 98. Qc6+ Ke6 99. Qc8+ Kd5 100. Qc6+ Ke6 101. Qc4+ Ke5 102. Qe2+ Kd5 103. Qf3+ Ke5 104. Qe3+ Kd5 105. Qxb6 Rxa4 106. Qc6+ Ke5 107. Qc3+ Kd5 1-0

[Event "Charlotte Open 2024"]
[Site "Charlotte"]
[Date "2024.01.13"]
[Round "1.15"]
[White "Liu, Ethan"]
[Black "King, Alexander"]
[Result "1-0"]
[ECO "C67"]
[WhiteElo "1967"]
[BlackElo "2302"]
[Annotator "TA"]
[PlyCount "61"]
[EventDate "2024.01.05"]
[EventType "swiss"]
[EventCountry "USA"]
[SourceTitle "playchess.com"]
[Source "ChessBase"]
[SourceQuality "1"]
[TimeControl "6600+10"]

1. e4 e5 2. Nf3 Nc6 3. Bb5 Nf6 4. O-O Nxe4 5. d4 Nd6 6. Bxc6 dxc6 7. dxe5 Nf5 8. Qxd8+ Kxd8 9. h3 Bd7 10. Rd1 Kc8 11. Nc3 h6 {[%emt 0:07:47] Wards off Ng5. Black has an edge.} 12. b3 c5 13. Nd5 Ne7 14. c4 Nxd5 15. cxd5 a5 16. Re1 {[%emt 0:00:00] [#] Threatens to win with e6.} Ra6 17. Bb2 Rg8 18. Nd2 Be7 19. Ne4 Rg6 20. Kh2 b6 21. f4 f5 (21... h5 $11 {keeps the balance.}) 22. Nd2 (22. Ng3 {simplifies} Bh4 23. Re3 Bxg3+ 24. Rxg3 Rxg3 25. Kxg3 Bb5 26. Rd1) 22... c6 23. e6 Be8 24. Nc4 $36 {[%emt 0:00:00][%mdl 2048] [#] aiming for d6. White has good play. White is more active.} b5 $2 {[%emt 0:01:38][%mdl 8192] This costs Black the game.} (24... cxd5 $14 25. Nxb6+ Kb7 26. Nxd5 Bc6) 25. d6 $18 ({Less strong is} 25. Nxa5 cxd5 26. Rad1 Bd8 $11 (26... d4 27. b4 $16)) 25... bxc4 26. dxe7 c3 27. Bxc3 c4 {[%emt 0:00:02] Black is weak on the dark squares} 28. Rad1 {[%emt 0:00:00] White threatens Rd8+ and mate.} c5 29. Rd8+ Kb7 30. bxc4 {[%emt 0:00:00] Rb1+ would kill now.} Bc6 31. g4 {[%emt 0:00:00] Weighted Error Value: White=0.48/Black=0.89.  Loses game:     	---       	Black=1      Mistake:       	---       	Black=1      Inaccurate:     	White=2     	Black=4      OK:         	White=6     	Black=5      Best:        	White=1     	---} ({Inferior is} 31. Rxg8 Rxg2+ 32. Kh1 Rg4+ $11) 1-0

[Event "Charlotte Open 2024"]
[Site "Charlotte"]
[Date "2024.01.13"]
[Round "1.16"]
[White "Abrahamyan, Tatev"]
[Black "Wu, Andrew"]
[Result "1-0"]
[ECO "B78"]
[WhiteElo "2311"]
[BlackElo "1969"]
[Annotator "RC"]
[PlyCount "54"]
[EventDate "2024.01.05"]
[EventType "swiss"]
[EventCountry "USA"]
[SourceTitle "playchess.com"]
[Source "ChessBase"]
[SourceQuality "1"]
[TimeControl "6600+10"]

1. e4 c5 2. Nf3 d6 3. d4 cxd4 4. Nxd4 Nf6 5. Nc3 g6 6. Be3 Bg7 7. f3 Nc6 8. Qd2 O-O 9. Bc4 Bd7 10. O-O-O Rb8 11. g4 b5 12. Bb3 Nxd4 13. Bxd4 a5 14. g5 Nh5 15. Bxg7 Nxg7 16. a3 b4 17. axb4 axb4 18. Nd5 Ne6 19. h4 Nc5 20. h5 Nxb3+ 21. cxb3 Be6 22. Qh2 Qa5 23. hxg6 Qa1+ 24. Kc2 Rfc8+ 25. Kd3 Qa6+ 26. Kd2 Kf8 27. g7+ Ke8 1-0

[Event "Charlotte Open 2024"]
[Site "Charlotte"]
[Date "2024.01.13"]
[Round "1.17"]
[White "Joseph, Jonath"]
[Black "Aaron, Deepak"]
[Result "1-0"]
[ECO "B22"]
[WhiteElo "2149"]
[BlackElo "2296"]
[Annotator "RC"]
[PlyCount "119"]
[EventDate "2024.01.05"]
[EventType "swiss"]
[EventCountry "USA"]
[SourceTitle "playchess.com"]
[Source "ChessBase"]
[SourceQuality "1"]
[TimeControl "6600+10"]

1. e4 c5 2. Nf3 Nc6 3. c3 e6 4. d4 d5 5. exd5 exd5 6. Be3 c4 7. b3 cxb3 8. axb3 Bd6 9. Bb5 Nge7 10. O-O O-O 11. c4 Bc7 12. Nc3 Bg4 13. Bg5 f6 14. Be3 a6 15. Nxd5 Nxd5 16. cxd5 Nb4 17. Bc4 Kh8 18. h3 Bh5 19. Rc1 b5 20. Bd2 Bxf3 21. Qxf3 Qd6 22. Qg3 Qb6 23. Qg4 bxc4 24. bxc4 Qd6 25. g3 a5 26. Bf4 Qd8 27. Rc3 Bxf4 28. Qxf4 Qc8 29. Qf3 Qxh3 30. c5 Rfd8 31. d6 Qe6 32. Re3 Qd5 33. Qxd5 Nxd5 34. Re6 Kg8 35. Rfe1 Nb4 36. Re7 Nc6 37. R7e4 f5 38. Rf4 g6 39. g4 Nb4 40. Rf3 fxg4 41. Rc3 a4 42. Ra1 Kf7 43. Rc4 Nd5 44. Rcxa4 Rxa4 45. Rxa4 Ke6 46. Ra7 Rd7 47. Ra8 Rf7 48. Re8+ Kd7 49. Ra8 Kc6 50. Ra6+ Kb5 51. Ra2 Kc6 52. Ra6+ Kb5 53. Ra2 Kc4 54. Rc2+ Kd3 55. Ra2 Nc3 56. Ra3 Kxd4 57. Rxc3 Kxc3 58. c6 g3 59. c7 Rf8 60. d7 1-0

[Event "Charlotte Open 2024"]
[Site "Charlotte"]
[Date "2024.01.13"]
[Round "1.18"]
[White "Daniels, Noah M"]
[Black "Padron Leon, Antonio"]
[Result "1-0"]
[ECO "A05"]
[WhiteElo "1764"]
[BlackElo "2008"]
[Annotator "RC"]
[PlyCount "127"]
[EventDate "2024.01.05"]
[EventType "swiss"]
[EventCountry "USA"]
[SourceTitle "playchess.com"]
[Source "ChessBase"]
[SourceQuality "1"]
[TimeControl "6600+10"]

1. Nf3 Nf6 2. g3 g6 3. Bg2 c5 4. d3 Bg7 5. Nc3 Nc6 6. Bg5 d6 7. e4 a6 8. O-O h6 9. Bd2 O-O 10. Ne1 Nd4 11. Ne2 Qb6 12. Rb1 Be6 13. c4 Nd7 14. Nxd4 cxd4 15. f4 f5 16. Qe2 Rae8 17. Kh1 Nf6 18. Nf3 fxe4 19. dxe4 Ng4 20. Nh4 d3 21. Qxd3 Qc5 22. b3 Nf2+ 23. Rxf2 Qxf2 24. Nxg6 Rf7 25. Rf1 Qd4 26. Qxd4 Bxd4 27. f5 Kh7 28. Bf3 Bd7 29. Nf4 Bc6 30. Ne6 Bb6 31. h4 Rg8 32. Kh2 Bd7 33. Nf4 Bd4 34. Bh5 Rff8 35. Bg6+ Kh8 36. g4 e5 37. fxe6 Bxe6 38. Bf5 Bxf5 39. gxf5 Be5 40. Kh3 b5 41. cxb5 axb5 42. Rf3 Kh7 43. Ng6 Ra8 44. Bc3 Rxa2 45. Bxe5 dxe5 46. h5 Rc8 47. f6 Rcc2 48. f7 Rh2+ 49. Kg4 Rag2+ 50. Rg3 Rf2 51. f8=Q Rxf8 52. Nxf8+ Kg7 53. Nd7 Re2 54. Kf5+ Kf7 55. Nxe5+ Ke7 56. Rg7+ Kd6 57. Nf7+ Kc5 58. Nxh6 Rh2 59. Rg5 Kb4 60. Kg6 Re2 61. Ng8 Rxe4 62. h6 Rh4 63. h7 Rh3 64. Rh5 1-0

[Event "Charlotte Open 2024"]
[Site "Charlotte"]
[Date "2024.01.13"]
[Round "1.19"]
[White "Deere, Travis"]
[Black "Senthil, Siddharth"]
[Result "1-0"]
[ECO "D10"]
[WhiteElo "1420"]
[BlackElo "1425"]
[Annotator "NA RC COMBH"]
[PlyCount "61"]
[EventDate "2024.01.05"]
[EventType "swiss"]
[EventCountry "USA"]
[SourceTitle "playchess.com"]
[Source "ChessBase"]
[SourceQuality "1"]
[TimeControl "6600+10"]

1. d4 d5 2. Bf4 Nf6 3. e3 Bf5 4. c4 c6 5. Nc3 e6 6. Qb3 Qb6 7. c5 Qxb3 8. axb3 Nbd7 9. b4 b5 10. Ra6 Rc8 11. Nf3 Nh5 12. Rxa7 Nxf4 13. exf4 g6 14. Be2 Bh6 15. g3 Bh3 16. Kd2 Bg2 17. Re1 Bxf3 18. Bxf3 Nf6 19. Rea1 O-O 20. h4 Rfd8 21. Kd3 Rd7 22. Ne2 Rxa7 23. Rxa7 Ne8 24. Nc1 Nc7 25. Nb3 f6 26. Na5 Bf8 27. Nxc6 Kf7 28. Na5 Ke8 29. Be2 h5 30. Ke3 f5 31. Rb7 1-0

[Event "Charlotte Open 2024"]
[Site "Charlotte"]
[Date "2024.01.14"]
[Round "2.1"]
[White "Zhou, Jianchao"]
[Black "Proleiko, Julian"]
[Result "1/2-1/2"]
[ECO "B38"]
[WhiteElo "2562"]
[BlackElo "2270"]
[Annotator "RC"]
[PlyCount "62"]
[EventDate "2024.01.05"]
[EventType "swiss"]
[EventCountry "USA"]
[SourceTitle "playchess.com"]
[Source "ChessBase"]
[SourceQuality "1"]
[TimeControl "6600+10"]

1. Nf3 g6 2. d4 Bg7 3. c4 c5 4. e4 cxd4 5. Nxd4 Nc6 6. Be3 Qb6 7. Nb3 Qd8 8. Qd2 Nf6 9. f3 O-O 10. Nc3 a5 11. Na4 d6 12. Be2 Nd7 13. O-O b6 14. Nd4 Nxd4 15. Bxd4 Bxd4+ 16. Qxd4 Qc7 17. Rfd1 Bb7 18. Bf1 Rad8 19. Rd2 Nc5 20. Nc3 Ne6 21. Qf2 Bc6 22. Re1 Nc5 23. f4 e5 24. f5 f6 25. h4 Qe7 26. Nd5 Bxd5 27. Rxd5 Kh8 28. g3 Rg8 29. Bh3 g5 30. h5 h6 31. g4 Qc7 1/2-1/2